 Dungeon Crawl Stone Soup version 0.27-a0-1456-gf5a116941d (webtiles) character file.

Game seed: 3858002101739590077

24 mandarbmax the Ruffian (level 3, -2/33 HPs)
             Began as an Ogre Transmuter on July 6, 2021.
             Was a Follower of the Shining One.
             Slain by an iguana (8 damage)
             ... on level 2 of the Dungeon.
             The game lasted 00:01:34 (1502 turns).

mandarbmax the Ruffian (Ogre Transmuter)            Turns: 1502, Time: 00:01:35

Health: -2/33      AC:  3    Str: 14    XL:     3   Next: 2%
Magic:  5/6        EV: 10    Int: 15    God:    the Shining One [*.....]
Gold:   64         SH:  0    Dex:  9    Spells: 3/6 levels left

rFire    . . .     SeeInvis .     - Unarmed
rCold    . . .     Faith    .   (no shield)
rNeg     . . .     Spirit   .   a - +0 robe
rPois    .         Reflect  .   (helmet currently unavailable)
rElec    .         Harm     .   (no cloak)
rCorr    .         Rampage  .   (gloves unavailable)
Will     .....                  (boots unavailable)
Stlth    +.........             (no amulet)
HPRegen  0.11/turn              (no ring)
MPRegen  0.10/turn              (no ring)

@: appendages (expiring), glowing
A: horns 2, talons 2, large, unfitting armour, tough skin 1
a: End Transformation, Renounce Religion


You were on level 2 of the Dungeon.
You worshipped the Shining One.
The Shining One was aware of your devotion.
You had temporarily grown beastly horns and talons.
You visited 1 branch of the dungeon, and saw 2 of its levels.

You collected 64 gold pieces.

Inventory:

Missiles
 f - 5 boomerangs
Armour
 a - a +0 robe (worn)
Jewellery
 e - a +4 ring of protection
Scrolls
 c - a scroll of fear {unknown}
Potions
 b - 2 potions of resistance {unknown}
 d - a potion of heal wounds {unknown}


   Skills:
 - Level 1.3 Fighting
 - Level 2.0 Dodging
 + Level 3.6 Unarmed Combat
 - Level 2.4 Spellcasting
 - Level 1.7 Transmutations


You had 3 spell levels left.
You knew the following spells:

 Your Spells              Type           Power      Damage    Failure   Level
a - Beastly Appendage     Tmut           14%        N/A       11%         1
b - Wereblood             Tmut           7%         N/A       16%         2

Your spell library contained the following spells:

 Spells                   Type           Power      Damage    Failure   Level
 Spider Form              Tmut/Pois      2%         N/A       41%         3
 Ice Form                 Ice/Tmut       4%         N/A       83%         4


Dungeon Overview and Level Annotations

Branches:
Dungeon (2/15)

Altars:
The Shining One


Innate Abilities, Weirdness & Mutations

You have temporarily grown beastly horns and talons.
You are too large for most types of armour.
You have tough skin. (AC +1)


Message History

The iguana is lightly wounded.
The iguana misses you.
You hit the iguana but do no damage. Your kick misses the iguana.
The iguana is lightly wounded.
The iguana bites you!
You completely miss the iguana. Your kick misses the iguana.
The iguana is lightly wounded.
The iguana bites you!
You hit the iguana but do no damage. You claw the iguana.
Your headbutt misses the iguana.
The iguana is heavily wounded.
Your transformation is almost over.
The iguana bites you.
You are too injured to fight recklessly!
You are too injured to fight recklessly!
You are too injured to fight recklessly!
You are too injured to fight recklessly!
You are too injured to fight recklessly!
You are too injured to fight recklessly!
You are too injured to fight recklessly!
You are too injured to fight recklessly!
You are too injured to fight recklessly!
You are too injured to fight recklessly!
You are too injured to fight recklessly!
You are too injured to fight recklessly!
You are too injured to fight recklessly!
You are too injured to fight recklessly!
You are too injured to fight recklessly!
There are monsters nearby!
You hit the iguana but do no damage.
The iguana is heavily wounded.
The iguana closely misses you.
You hit the iguana.
The iguana is heavily wounded.
The rat closely misses you. The iguana bites you!
* * * LOW HITPOINT WARNING * * *
You barely miss the iguana. You claw the iguana.
The iguana is almost dead.
The rat closely misses you. The iguana bites you!
You die...

.... . :..##.#
...#..#
#.####......#
#............
#.###.#.####.
#..<.........
#.##..#####.#
#. #@..#
#.....lr#8#
#.....#..#..
#....#8#...#8#
#..#. # .#.. .
#.#8# #8#...
#.!# #..#. #..
.#8


You could see an iguana and a rat.

Vanquished Creatures
  A dart slug (D:1)
  6 endoplasms
  A giant cockroach (D:1)
  2 hobgoblins (D:1)
  A ball python (D:1)
  3 bats
  A frilled lizard (D:1)
  3 kobolds (D:1)
  2 rats (D:1)
20 creatures vanquished.

Notes
Turn   | Place    | Note
-------+----------+-------------------------------------------
     0 | D:1      | mandarbmax the Ogre Transmuter began the quest for the Orb.
     0 | D:1      | Reached XP level 1. HP: 19/19 MP: 3/3
    36 | D:1      | Found a faded altar of an unknown god.
    62 | D:1      | Became a worshipper of the Shining One
    62 | D:1      | Reached * piety under the Shining One
   309 | D:1      | Reached skill level 3 in Unarmed Combat
   309 | D:1      | Reached XP level 2. HP: 27/27 MP: 3/5
  1483 | D:2      | Reached XP level 3. HP: 33/33 MP: 4/6
  1486 | D:2      | Learned a level 2 spell: Wereblood
  1502 | D:2      | Slain by an iguana

Illustrated notes

Levels and vault maps discovered:
D:1:      scummos_arrival_forest, layout_basic,
          chequers_ecumenical_altar_simple_redux
D:2:      layout_loops_ring, kennysheep_doodads

Skill      XL: |  1 |
---------------+----+-----
Dodging        | 2 |  2.0
Unarmed Combat | 3 |  3.6
Fighting       | |  1.3
Spellcasting   | |  2.4
Transmutations | |  1.7

Action                   || total
-------------------------++-------
Melee: Unarmed           ||    45
       Kick              ||    14
       Headbutt          ||     4
 Cast: Beastly Appendage ||    15
Armor: Robe              ||     7
Dodge: Dodged            ||    20

Table legend: (Time is in decaauts)
 A = Elapsed time spent in this place.
 B = Non-inter-level travel time spent in this place.
 C = Inter-level travel time spent in this place.
 D = Time resting spent in this place.
 E = Time spent auto-exploring this place.
 F = Levels seen in this place.
 G = Mean time per level.
                   A        B        C        D        E       F      G
               +--------+--------+--------+--------+--------+-----+--------+
         Total |   1498 |   1482 |     16 |      0 |   1345 |   2 |  749.0 |
       Dungeon |   1498 |   1482 |     16 |      0 |   1345 |   2 |  749.0 |
               +--------+--------+--------+--------+--------+-----+--------+

Top non-repeatable levels by time:
     D:1: 1472 daAuts
     D:2: 26 daAuts
